 Dungeon Crawl Stone Soup version 0.21.0 (webtiles) character file.

122 Rrauwl the Cudgeler (level 4, -3/67 HPs)
             Began as a Troll Monk on Jan 8, 2018.
             Was an Initiate of Ru.
             Killed by divine providence
             ... invoked by an orc priest
              (16 damage)
             ... on level 3 of the Dungeon.
             The game lasted 00:08:59 (1651 turns).

Rrauwl the Cudgeler (Troll Monk)                    Turns: 1651, Time: 00:09:00

Health: -3/67      AC: 22    Str: 18 (19) XL:     4   Next: 78%
Magic:  3/3        EV:  1    Int:  4 (6)  God:    Ru [......]
Gold:   98         SH: 11    Dex: 11 (13) Spells: 3/3 levels left

rFire    . . .     SeeInvis .   d - +0 flail
rCold    . . .     Gourm    +   j - +0 large shield
rNeg     + + +     Faith    .   (armour currently unavailable)
rPois    +         Spirit   .   (helmet currently unavailable)
rElec    .         Reflect  .   (cloak currently unavailable)
rCorr    .         Harm     .   (gloves unavailable)
MR       .....     NoTele   +   (boots unavailable)
Stlth    +.........             (no amulet)
HPRegen  0.61/turn              (no ring)
MPRegen  0.08/turn              (no ring)

@: tree-form
A: large, unfitting armour, fast metabolism 3, gourmand, regeneration 1,
disrupted magic 1
a: Renounce Religion


You were on level 3 of the Dungeon.
You worshipped Ru.
Ru was noncommittal.
You were very full.
You were a tree.
You visited 1 branch of the dungeon, and saw 3 of its levels.

You collected 98 gold pieces.

Inventory:

Hand Weapons
 d - a +0 flail (weapon)
Armour
 b - a +0 robe (melded)
 j - a +0 large shield (worn)
Scrolls
 a - a scroll of magic mapping {unknown}
 e - 5 scrolls of identify {unknown}
 f - a scroll of fog {unknown}
Comestibles
 c - 5 rations
 h - 3 chunks of flesh


   Skills:
 - Level 3.0 Fighting
 + Level 4.2 Maces & Flails
 - Level 3.0 Dodging
 - Level 1.0 Stealth


You had 3 spell levels left.
You didn't know any spells.

Dungeon Overview and Level Annotations

Branches:
Dungeon (3/15)

Altars:
Ashenzari
Gozag
Ru
Uskayaw


Innate Abilities, Weirdness & Mutations

You are too large for most types of armour.
((You have claws for hands.))
Your metabolism is lightning-fast.
You like to eat raw meat.
Your natural rate of healing is unusually fast.
((You are covered in fur. (AC +1)))
((You have very tough skin. (AC +2)))
Your casting is slightly disrupted.


Message History

You swing at nothing.
Something hits you but does no damage. The orc hits you but does no damage.
The rat bites you but does no damage.
The orc priest mumbles some strange prayers to Beogh against you.
Beogh smites you!
* * * LOW HITPOINT WARNING * * *
The orc hits you but does no damage. Something hits you but does no damage.
You nearly hit yourself!
You feel less confused. The orc hits you but does no damage.
The rat bites you but does no damage.
The orc priest hits you but does no damage.
The orc hits you but does no damage.
You hear some strange, mumbled words.
A puff of flame appears from out of thin air!
The puff of flame hits you!
You hit the orc priest.
The orc priest is lightly wounded.
You block the orc's attack. The rat bites you but does no damage.
The orc priest mumbles some strange prayers to Beogh against you.
Beogh smites you!
You die...

#...... .....
.....#. .......
..$..#.##........
.................
.............o...
..........#.o....
......{o#....)...
......o♣#.......#
..#....ro.K.....#
#....$.<.....r.
###......>.....
#............
...............
...............
................
................


You could see an orc priest, 2 orcs, a kobold and a rat.

Vanquished Creatures
  An orc priest (D:3)
  A gnoll (D:1)
  2 adders (D:2)
  2 dart slugs (D:1)
  2 leopard geckos (D:2)
  A ball python (D:2)
  4 giant cockroaches (D:2)
  6 hobgoblins
  8 jackals
  3 kobolds
  8 bats
  3 frilled lizards
  8 goblins
  6 rats
55 creatures vanquished.

Notes
Turn   | Place    | Note
-------+----------+-------------------------------------------
     0 | D:1      | Rrauwl the Troll Monk began the quest for the Orb.
     0 | D:1      | Reached XP level 1. HP: 22/22 MP: 0/0
   173 | D:1      | Reached XP level 2. HP: 29/29 MP: 1/1
   258 | D:1      | Reached skill level 3 in Maces & Flails
   388 | D:1      | Reached XP level 3. HP: 24/36 MP: 2/2
   963 | D:2      | Reached XP level 4. HP: 43/45 MP: 3/3
  1162 | D:2      | Found a hide-covered altar of Uskayaw.
  1323 | D:2      | Found a sacrificial altar of Ru.
  1323 | D:2      | Found a shattered altar of Ashenzari.
  1324 | D:2      | Found an opulent altar of Gozag.
  1330 | D:2      | Became a worshipper of Ru the Awakened
  1332 | D:2      | Gained mutation: Your casting is slightly disrupted. [Ru sacrifice]
  1644 | D:3      | Reached skill level 4 in Maces & Flails
  1651 | D:3      | Killed from afar by an orc priest

Skill      XL: |  1  2  3  4 |
---------------+-------------+-----
Maces & Flails | 3 4 |  4.2
Dodging        | 3 |  3.0
Fighting       | 3 |  3.0
Stealth        | |  1.0

Action                   |  1- 3 |  4- 6 || total
-------------------------+-------+-------++-------
Melee: Mace              |    80 |       ||    80
       Flail             |    66 |    70 ||   136
Invok: Sacrifice Essence |       |     1 ||     1
  Use: Potion            |     1 |     3 ||     4
 Stab: Sleeping          |     1 |     1 ||     2
  Eat: Chunk             |    15 |     6 ||    21
Armor: Robe              |   103 |    26 ||   129
       Skin              |       |    56 ||    56
Dodge: Dodged            |   140 |    23 ||   163
Block: Large shield      |       |    34 ||    34
